 Dungeon Crawl Stone Soup version 0.21.1-1-g345015f (webtiles) character file.

303939 LairdRich the Slayer (level 20, -8/199 HPs)
             Began as a Minotaur Berserker on June 16, 2018.
             Was the Champion of Trog.
             Mangled by an ettin
             ... wielding a +0 dire flail
              (21 damage)
             ... on level 4 of the Vaults on June 17, 2018.
             The game lasted 04:04:16 (52416 turns).

LairdRich the Slayer (Minotaur Berserker)          Turns: 52416, Time: 04:04:17

Health: -8/199     AC: 26    Str: 24    XL:     20   Next: 25%
Magic:  26/26      EV: 18    Int:  4    God:    Trog [******]
Gold:   3093       SH: 18    Dex: 19    Spells: 19/19 levels left

rFire    + + .     SeeInvis +   b - +5 war axe (elec)
rCold    + . .     Gourm    .   F - +3 shield {rPois}
rNeg     . . .     Faith    .   S - +2 plate armour {rF+}
rPois    +         Spirit   .   p - +2 hat {MR+}
rElec    +         Reflect  .   T - +1 cloak
rCorr    .         Harm     .   c - +2 pair of gloves
MR       ++...                  U - +1 pair of boots
Stlth    ..........             B - amulet "Hokhih" {+Rage rElec rC+ SInv}
HPRegen  0.43/turn              I - +4 ring of slaying
MPRegen  0.20/turn              D - ring of protection from fire

@: marked, corroded, berserk cooldown, slowed, very slow
A: retaliatory headbutt, fangs 1, horns 2, talons 1, icy blue scales 1, thin
skeletal structure 1, poison resistance, evolution 2
}: 2/15 runes: decaying, serpentine
a: Berserk, Trog's Hand, Brothers in Arms, Burn Spellbooks, Renounce Religion,
Evoke Berserk Rage


You were on level 4 of the Vaults.
You worshipped Trog.
Trog was exalted by your worship.
You were near starving.

You visited 8 branches of the dungeon, and saw 37 of its levels.

You collected 5075 gold pieces.
You spent 1982 gold pieces at shops.

Inventory:

Hand Weapons
 a - a +5 broad axe of flaming
 b - a +5 war axe of electrocution (weapon)
 x - a +6 hand crossbow of freezing
 Q - a +0 broad axe of freezing
Missiles
 r - 6 javelins of penetration (quivered)
 L - 103 bolts
Armour
 c - a +2 pair of gloves (worn)
 p - a +2 hat of magic resistance (worn)
 F - a +3 shield of poison resistance (worn)
 P - a +0 pair of boots
 S - a +2 plate armour of fire resistance (worn)
 T - a +1 cloak (worn)
 U - a +1 pair of boots (worn)
Jewellery
 h - an uncursed ring of protection from fire
 j - an uncursed ring of protection from cold
 s - a +4 amulet of reflection
 B - the amulet "Hokhih" (around neck) {+Rage rElec rC+ SInv}
   (You found it on level 3 of the Vaults)

   [amulet of rage]

   It protects you from cold.
   It insulates you from electricity.
   It lets you see invisible.
   It lets you go berserk.
 C - the ring "Avvat" {rPois EV+4 Dex+2 Stlth+}
   (You bought it in a shop on level 7 of the Dungeon)

   [ring of evasion]

   It affects your evasion (+4).
   It affects your dexterity (+2).
   It protects you from poison.
   It makes you more stealthy.
 D - a ring of protection from fire (right hand)
 E - a +3 ring of strength
 H - an uncursed ring of protection from cold
 I - a +4 ring of slaying (left hand)
 N - an uncursed ring of see invisible
Wands
 y - a wand of digging (48)
 G - a wand of polymorph (47)
 R - a wand of flame (133)
Scrolls
 e - 15 scrolls of remove curse
 g - 2 scrolls of fear
 k - 3 scrolls of fog
 m - 2 scrolls of teleportation
 n - 3 scrolls of identify
 q - a scroll of enchant weapon
 w - 7 scrolls of magic mapping
 J - 2 scrolls of holy word
Potions
 d - 7 potions of agility
 f - 2 potions of might
 i - 3 potions of lignification {unknown}
 l - a potion of ambrosia {unknown}
 o - a potion of resistance {unknown}
 t - a potion of berserk rage
 u - 13 potions of curing
 z - 4 potions of brilliance
 A - 6 potions of haste
 K - a potion of invisibility
 M - 6 potions of flight
Comestibles
 v - 22 rations


   Skills:
 + Level 21.7 Fighting
 - Level 18.0 Axes
 * Level 6.5 Crossbows
 + Level 19.6 Armour
 + Level 14.5 Dodging
 - Level 15.0 Shields
 + Level 10.4 Evocations


You had 19 spell levels left.
You didn't know any spells.

Dungeon Overview and Level Annotations

Branches:
Dungeon (15/15)            Temple (0/1) D:6            Lair (6/6) D:11
  Swamp (4/4) Lair:3        Snake (4/4) Lair:3        Slime (1/5) Lair:5
    Orc (2/2) D:11            Elf (1/3) Orc:2        Vaults (4/5) D:14
  Crypt (0/3) Vaults:3     Depths (0/5) D:15

Altars:
Cheibriados
Dithmenos
Fedhas
Gozag
Kikubaaqudgha
Makhleb
Nemelex Xobeh
Ru
Vehumet
Wu Jian
Xom
Beogh
Jiyva

Shops:
D:4 =   D:6 (   D:7 %=   D:9 }([   Orc:2 !?!:   Vaults:1 [

Portals:
Trove: D:13 (give +8 demon trident)

Annotations:
D:2 1 runed door
D:7 2 runed doors
D:10 Sonja
Lair:4 exclusion: ice statue
Swamp:3 Lernaean hydra


Innate Abilities, Weirdness & Mutations

You reflexively headbutt those who attack you in melee.
You have a pair of horns on your head.
You have very sharp teeth.
You have sharp toenails.
You are partially covered in icy blue scales. (AC +2)
You have a somewhat thin skeletal structure. (Dex +2, Stealth)
Your system is resistant to poisons. (rPois)
You rapidly evolve.


Message History

The yaktaur unwields an uncursed arbalest.
The yaktaur hits you.
* * * LOW HITPOINT WARNING * * *
The orc warlord blocks your cyclops's attack.
The yaktaur captain hits you but does no damage.
Your surroundings suddenly seem different.
An ettin comes into view.
It is wielding a dire flail and a great mace.
The ettin shouts in stereo!
The yaktaur wields an arbalest.
The yaktaur shoots a bolt.
The bolt barely misses you. The ettin hits you but does no damage.
The ettin closely misses you.
Found four items.
A yaktaur comes into view. It is wielding an arbalest.
You see here a bolt.
You slash the ettin! Lightning courses through the ettin!
You headbutt the ettin! You bite the ettin.
The ettin is heavily wounded.
The yaktaur shoots a bolt.
You block the bolt. You block the ettin's attack.
The ettin hits you with a great mace!!
You die...

.....# .....# .....#
.....# ######
##''######### .....
#...........# ....
#...........#. ###
#...........#..##..##..#
#...........#..#@C$.#..#
#...........+..#.$?.#..#
#...........#..##c.+#..#
#...........#.. ### #
#...........#. ...
#...........#. ....
#...........# #####
#...........#
#######'#####


You could see an ettin and a yaktaur.

Vanquished Creatures
  Sojobo (Vaults:3)
  Vashnia (Snake:4)
  Jorgrun (Vaults:4)
  The ghost of Bnni the Phalangite, an adept MfMo of Yredelemnul (Vaults:3)
  A lich (Vaults:1)
  Asterion (Snake:2)
  3 tengu reavers
  The ghost of inc the Severer, an adept DsMo of Qazlal (Snake:3)
  3 thorn hunters
  10 nagarajas
  A fire giant (Vaults:3)
  2 frost giants (Vaults:3)
  An azure jelly (Slime:1)
  A deep elf sorcerer (Vaults:3)
  4 vault wardens
  Aizul (Snake:2)
  7 ironheart preservers
  A very ugly thing (Vaults:1)
  5 stone giants
  2 entropy weavers
  Nessos (D:12)
  The ghost of Rwicked the Bludgeoner, a journeyman MiBe of Trog (Swamp:1)
  6 dire elephants (Lair:6)
  The ghost of diana the Martial Artist, a journeyman DsMo of Okawaru (D:12)
  Snorg (Lair:3)
  The ghost of inc the Unseen, a journeyman FeEn of Dithmenos (Swamp:1)
  A great orb of eyes (Vaults:2)
  2 yaktaur captains
  An ettin (Vaults:4)
  Erolcha (D:10)
  A fire dragon (Vaults:2)
  18 naga warriors
  Fannar (Lair:3)
  14 hydras
  12 vault guards
  A catoblepas (D:13)
  The ghost of Rwicked the Bludgeoner, a journeyman MiBe of Trog (D:10)
  2 centaur warriors
  15 alligators
  16 anacondas
  3 death knights (Vaults:3)
  7 ogre magi
  8 death yaks
  15 two-headed ogres
  2 orc high priests (Orc:2)
  A deep troll earth mage (Vaults:2)
  A queen ant (shapeshifter) (Vaults:3)
  Nergalle (Orc:1)
  4 shock serpents
  4 deep elf knights
  13 naga sharpshooters
  8 salamander mystics
  2 skeletal warriors
  5 wizards
  A death drake (shapeshifter) (D:15)
  3 shadow wraiths
  A flayed ghost (Vaults:4)
  4 unseen horrors
  A spriggan druid (Swamp:3)
  5 sea snakes
  2 deep trolls (Vaults:2)
  An obsidian statue (D:12)
  2 shambling mangroves
  15 swamp dragons
  10 naga ritualists
  7 ironbrand convokers
  3 deep elf archers
  13 orc knights
  3 necromancers
  A phantasmal warrior (D:15)
  9 mana vipers
  6 orc sorcerers
  39 ugly things
  8 cyclopes
  A manticore (D:14)
  2 deep elf magi
  4 wolf spiders
  A fire giant zombie (D:15)
  14 salamanders
  4 elephants (Lair:6)
  30 black mambas
  Psyche (D:9)
  22 naga magi
  6 centaur skeletons
  6 guardian serpents
  An eye of devastation (shapeshifter) (Vaults:4)
  11 vault sentinels
  4 gargoyles
  A yaktaur zombie (D:15)
  A torpor snail (Lair:3)
  19 spiny frogs
  9 komodo dragons
  An efreet (D:11)
  11 yaktaurs
  A rime drake (Lair:6)
  4 freezing wraiths
  A kobold demonologist (D:15)
  10 tyrant leeches
  A jumping spider (Vaults:2)
  A polar bear (Lair:4)
  9 hornets
  A raiju (shapeshifter) (Vaults:1)
  9 slime creatures
  11 hippogriffs
  7 dream sheep
  13 bog bodies
  27 blink frogs
  Grinder (D:5)
  A meliai zombie (D:13)
  2 shadows
  A centaur simulacrum (D:14)
  5 spriggans
  2 fire dragon zombies (D:15)
  3 wraiths
  3 redbacks (Vaults:2)
  Sigmund (D:2)
  3 wyverns
  4 hogs (D:7)
  46 yaks
  A golden eye (shapeshifter) (Vaults:3)
  5 basilisks
  A human (D:7)
  13 vampire mosquitoes
  A harpy simulacrum (D:15)
  17 insubstantial wisps
  38 nagas
  19 swamp worms
  A warg (D:11)
  13 water moccasins
  An acid dragon (D:13)
  9 porcupines
  A water moccasin (shapeshifter) (Vaults:1)
  10 ice beasts
  43 orc warriors
  3 sky beasts
  16 swamp drakes
  A phantom (D:11)
  An eye of draining (D:15)
  A necrophage (D:14)
  29 ogres
  10 wolves
  2 boggarts (Vaults:3)
  14 centaurs
  An elf zombie (D:14)
  4 crocodiles
  19 bullfrogs
  3 big kobolds
  2 wyvern skeletons
  3 scorpions
  An elf simulacrum (Vaults:2)
  15 killer bees
  The ghost of kalagan the Shield-Bearer, a weakling FoFi (D:3)
  A wight (D:14)
  A troll skeleton (D:14)
  4 howler monkeys
  2 bullfrog zombies
  14 crimson imps
  5 centaur zombies
  8 lava snakes (Snake:1)
  A yaktaur simulacrum (Vaults:1)
  8 hounds
  3 human zombies (D:14)
  2 jellies
  3 gnoll shamans
  16 orc priests
  5 bullfrog skeletons
  3 human skeletons
  6 iguanas
  23 orc wizards
  10 worker ants
  A killer bee zombie (D:8)
  A bullfrog simulacrum (D:13)
  A hound zombie (D:5)
  A hound skeleton (D:6)
  2 mummies (D:14)
  A worker ant zombie (D:6)
  8 adders
  15 gnolls
  5 shadow imps
  3 white imps
  An ooze (D:1)
  2 adder skeletons
  2 adder zombies (D:8)
  2 worms (D:4)
  3 dart slugs
  5 leopard geckos
  91 orcs
  3 giant cockroaches
  8 goblins
  10 hobgoblins
  17 jackals
  3 ball pythons
  10 bats
  4 frilled lizards
  23 kobolds
  An orc zombie (D:14)
  A quokka skeleton (D:4)
  10 rats
  15 briar patches
  3 fungi
  50 plants
  A withered plant (D:15)
1386 creatures vanquished.

Vanquished Creatures (collateral kills)
  A nagaraja (Snake:4)
  A vault warden (Vaults:2)
  A stone giant (Vaults:4)
  A deep elf annihilator (Elf:1)
  A great orb of eyes (Vaults:2)
  A rakshasa (Vaults:2)
  A flayed ghost (Vaults:4)
  A deep elf archer (Elf:1)
  A wolf spider (Vaults:4)
  4 naga magi (Snake:4)
  A vault sentinel (Vaults:4)
  A yaktaur (Vaults:4)
  A warg (Vaults:4)
  An orc (Vaults:4)
17 creatures vanquished.

Vanquished Creatures (others)
  A yaktaur captain (Vaults:1)
  A naga sharpshooter (Snake:4)
  2 deep elf knights
  2 deep elf archers (Vaults:3)
  2 cyclopes
  A naga mage (Snake:3)
  2 yaktaurs (Vaults:1)
  A hornet (Swamp:4)
  A naga (Snake:4)
  A boggart (Vaults:3)
  An orc (Orc:2)
  3 briar patches
  2 bushes
  15 fungi
  6 plants
41 creatures vanquished.

Grand Total: 1444 creatures vanquished

Notes
Turn   | Place    | Note
-------+----------+-------------------------------------------
     0 | D:1      | LairdRich the Minotaur Berserker began the quest for the Orb.
     0 | D:1      | Reached XP level 1. HP: 19/19 MP: 0/0
   169 | D:1      | Reached XP level 2. HP: 23/27 MP: 1/1
   319 | D:1      | Reached skill level 4 in Fighting
   368 | D:1      | Reached ** piety under Trog
   677 | D:1      | Reached XP level 3. HP: 33/33 MP: 2/2
  1377 | D:2      | Found a shimmering altar of Xom.
  1458 | D:2      | Found a shimmering altar of Xom.
  1459 | D:2      | Found a shimmering altar of Xom.
  1487 | D:2      | Found a shimmering altar of Xom.
  1580 | D:2      | Found an ornate altar of the Wu Jian Council.
  1587 | D:2      | Noticed Sigmund
  1894 | D:2      | Found a runed door.
  1931 | D:2      | Killed Sigmund
  1931 | D:2      | Reached skill level 5 in Axes
  1931 | D:2      | Reached XP level 4. HP: 35/41 MP: 3/3
  1931 | D:2      | Reached XP level 5. HP: 40/47 MP: 4/4
  2502 | D:3      | Reached skill level 5 in Fighting
  2590 | D:3      | Reached XP level 6. HP: 49/56 MP: 5/5
  2656 | D:3      | Noticed kalagan's ghost (weakling FoFi)
  2665 | D:3      | Killed kalagan's ghost
  2811 | D:3      | Noticed a sky beast
  2825 | D:3      | Killed a sky beast
  2981 | D:3      | Found a blossoming altar of Fedhas.
  3532 | D:4      | Reached skill level 5 in Armour
  3536 | D:4      | Reached XP level 7. HP: 61/61 MP: 6/6
  3548 | D:4      | Found Jemulin's Jewellery Emporium.
  3831 | D:4      | Reached *** piety under Trog
  4065 | D:4      | Reached skill level 6 in Fighting
  4171 | D:5      | Entered Level 5 of the Dungeon
  4378 | D:5      | Noticed Grinder
  4512 | D:5      | Killed Grinder
  4512 | D:5      | Reached XP level 8. HP: 41/71 MP: 7/7
  4628 | D:5      | Killed an unseen horror
  4628 | D:5      | Reached skill level 7 in Fighting
  4803 | D:5      | Found a sand-covered staircase.
  5201 | D:6      | Reached skill level 10 in Axes
  5373 | D:6      | Found an opulent altar of Gozag.
  5377 | D:6      | Found a snail-covered altar of Cheibriados.
  5380 | D:6      | Found a burning altar of Makhleb.
  5449 | D:6      | Reached **** piety under Trog
  5449 | D:6      | Reached XP level 9. HP: 61/81 MP: 8/8
  5488 | D:6      | Found a staircase to the Ecumenical Temple.
  5610 | D:6      | Reached skill level 8 in Fighting
  5671 | D:6      | Found Igast's Weapon Shoppe.
  6617 | D:7      | Found Womab's Jewellery Shoppe.
  6623 | D:7      | Bought an uncursed ring of protection from fire for 375 gold pieces
  6708 | D:7      | Found a runed door.
  6731 | D:7      | Found a runed door.
  6771 | D:7      | Found a sacrificial altar of Ru.
  6840 | D:7      | Found Puxkaerr's Food Shop.
  6996 | D:7      | Reached skill level 9 in Fighting
  7176 | D:8      | Reached XP level 10. HP: 50/91 MP: 9/9
  7349 | D:8      | Noticed a two-headed ogre
  7360 | D:8      | Killed a two-headed ogre
  7517 | D:8      | Reached ***** piety under Trog
  7663 | D:8      | Found a sparkling altar of Nemelex Xobeh.
  8206 | D:9      | Found Cuziyr's Gadget Shoppe.
  8272 | D:9      | Reached skill level 10 in Fighting
  8288 | D:9      | Noticed Psyche
  8298 | D:9      | Killed Psyche
  8374 | D:9      | Received a gift from Trog
  8470 | D:9      | Found Kouphoh's Antique Weapon Shoppe.
  8478 | D:9      | Bought a broad axe for 108 gold pieces
  8511 | D:9      | Found Roannys's Armour Emporium.
  8516 | D:9      | Bought a +0 pair of boots for 63 gold pieces
  8516 | D:9      | Bought a +0 shield for 63 gold pieces
  8823 | D:9      | Reached skill level 1 in Shields
  9199 | D:10     | Entered Level 10 of the Dungeon
  9233 | D:10     | Noticed a guardian serpent
  9241 | D:9      | a guardian serpent changed into something unseen
  9252 | D:9      | Noticed a black mamba
  9255 | D:9      | a black mamba changed into a troll
  9406 | D:10     | Reached skill level 10 in Armour
  9509 | D:10     | Found a shadowy altar of Dithmenos.
  9539 | D:10     | Noticed Rwicked's ghost (journeyman MiBe)
  9540 | D:10     | Noticed Sonja
  9565 | D:10     | Killed Rwicked's ghost
  9880 | D:10     | Noticed Erolcha
  9887 | D:10     | Killed Erolcha
  9887 | D:10     | Reached XP level 11. HP: 101/101 MP: 10/10
  9996 | D:10     | Noticed a green ugly thing
 10008 | D:10     | Killed a green ugly thing
 10183 | D:10     | Paralysed by a hornet for 3 turns
 10491 | D:10     | Reached skill level 5 in Shields
 11572 | D:11     | Reached skill level 11 in Fighting
 11582 | D:11     | Got a pitted mace
 11583 | D:11     | Identified the +6 mace of Action {crush, MR- Dex+3} (You found it on level 11 of the Dungeon)
 11641 | D:11     | Found a staircase to the Orcish Mines.
 11875 | D:11     | Noticed a five-headed hydra
 11887 | D:11     | Killed a five-headed hydra
 12502 | D:11     | Found a staircase to the Lair.
 12715 | Lair:1   | Entered Level 1 of the Lair of Beasts
 12752 | Lair:1   | Received a gift from Trog
 12752 | Lair:1   | Reached skill level 15 in Axes
 13019 | Lair:1   | Reached XP level 12. HP: 85/110 MP: 11/11
 14338 | Lair:2   | Received a gift from Trog
 14783 | Lair:3   | Noticed a four-headed hydra
 14790 | Lair:3   | Killed a one-headed hydra
 14822 | Lair:3   | Reached skill level 12 in Fighting
 14830 | Lair:3   | Noticed a seven-headed hydra
 14850 | Lair:3   | Killed a two-headed hydra
 15071 | Lair:3   | Reached skill level 10 in Shields
 15148 | Lair:3   | Noticed Fannar
 15192 | Lair:3   | Killed Fannar
 15607 | Lair:3   | Found a staircase to the Swamp.
 15702 | Lair:3   | Found a staircase to the Snake Pit.
 16122 | Lair:4   | Reached XP level 13. HP: 109/119 MP: 12/12
 17067 | Lair:4   | HP: 2/119 [death yak (14)]
 17991 | Lair:5   | Found a viscous altar of Jiyva.
 17995 | Lair:5   | Found a staircase to the Slime Pits.
 18229 | Lair:6   | Entered Level 6 of the Lair of Beasts
 18304 | Lair:6   | Received a gift from Trog
 18465 | Lair:6   | Reached skill level 13 in Fighting
 19338 | Lair:6   | Noticed a dire elephant
 19338 | Lair:6   | Noticed a dire elephant
 19345 | Lair:6   | Killed a dire elephant
 19357 | Lair:6   | Killed a dire elephant
 19407 | Lair:6   | Noticed a dire elephant
 19413 | Lair:6   | Killed a dire elephant
 19413 | Lair:6   | Reached XP level 14. HP: 129/129 MP: 13/13
 20145 | Orc:1    | Entered Level 1 of the Orcish Mines
 20154 | Orc:1    | Noticed Nergalle
 20178 | Orc:1    | Killed Nergalle
 20434 | D:9      | Bought a +2 plate armour of fire resistance for 560 gold pieces
 20780 | Orc:1    | Found a roughly hewn altar of Beogh.
 21084 | Orc:2    | Entered Level 2 of the Orcish Mines
 21123 | Orc:2    | Received a gift from Trog
 21292 | Orc:2    | Found a roughly hewn altar of Beogh.
 21419 | Orc:2    | Reached ****** piety under Trog
 21626 | Orc:2    | Found Eskoheme's Book Boutique.
 21636 | Orc:2    | Found Ujuariur's Magic Scroll Emporium.
 22210 | Orc:2    | Found Zipimne's Distillery.
 22211 | Orc:2    | Found Kaohun's Distillery.
 22402 | Orc:2    | Found a staircase to the Elven Halls.
 22605 | D:7      | Bought the ring "Avvat" {rPois EV+4 Dex+2 Stlth+} for 813 gold pieces
 22842 | Slime:1  | Entered Level 1 of the Pits of Slime
 22854 | Slime:1  | Noticed an azure jelly
 22867 | Slime:1  | Killed an azure jelly
 22867 | Slime:1  | Reached skill level 14 in Fighting
 22923 | Slime:1  | Noticed an acid blob
 22938 | Slime:1  | Noticed an acid blob
 23652 | D:12     | Noticed Nessos
 23663 | D:12     | Noticed diana's ghost (journeyman DsMo)
 23684 | D:12     | Received a gift from Trog
 23693 | D:12     | Killed Nessos
 23709 | D:12     | Killed diana's ghost
 24657 | D:13     | Reached skill level 15 in Shields
 24705 | D:13     | Found a portal to a secret trove of treasure.
 25084 | D:14     | Reached XP level 15. HP: 132/139 MP: 14/14
 25199 | D:14     | Reached skill level 5 in Dodging
 25291 | D:14     | Found a gate to the Vaults.
 25570 | D:14     | Found an ancient bone altar of Kikubaaqudgha.
 25767 | D:14     | Received a gift from Trog
 25782 | D:15     | Entered Level 15 of the Dungeon
 25891 | D:15     | Found a staircase to the Depths.
 25943 | D:15     | Reached skill level 15 in Fighting
 26378 | D:15     | Reached skill level 15 in Armour
 26959 | Swamp:1  | Entered Level 1 of the Swamp
 26977 | Swamp:1  | Noticed inc's ghost (journeyman FeEn)
 26978 | Swamp:1  | Noticed Rwicked's ghost (journeyman MiBe)
 27013 | Swamp:1  | Killed inc's ghost
 27020 | Swamp:1  | Killed Rwicked's ghost
 27034 | Lair:3   | Noticed Snorg
 27116 | Lair:3   | Killed Snorg
 28196 | Swamp:2  | Noticed a thorn hunter
 28257 | Swamp:2  | Killed a thorn hunter
 28586 | Swamp:2  | Reached skill level 16 in Fighting
 29002 | Swamp:3  | Reached XP level 16. HP: 151/151 MP: 15/15
 29079 | Swamp:3  | Noticed a thorn hunter
 29095 | Swamp:3  | Killed a thorn hunter
 29192 | Swamp:3  | Received a gift from Trog
 29205 | Swamp:3  | Noticed a thorn hunter
 29218 | Swamp:3  | Killed a thorn hunter
 29218 | Swamp:3  | Reached skill level 1 in Evocations
 29990 | Swamp:4  | Entered Level 4 of the Swamp
 30265 | Swamp:4  | Received a gift from Trog
 30282 | Swamp:4  | Reached skill level 10 in Dodging
 30653 | Swamp:4  | Noticed the 27-headed Lernaean hydra
 30796 | Swamp:4  | Reached skill level 17 in Fighting
 31584 | Swamp:4  | Got a decaying rune of Zot
 33436 | Swamp:1  | Gained mutation: You are agile. (Dex +2) [potion of mutation]
 33436 | Swamp:1  | Gained mutation: Your movements are slightly less encumbered by armour. (ER -2) [potion of mutation]
 33437 | Swamp:1  | Lost mutation: You are agile. (Dex +2) [potion of mutation]
 33437 | Swamp:1  | Gained mutation: You have sharp toenails. [potion of mutation]
 33437 | Swamp:1  | Gained mutation: Scrolls take you a little longer to read. [potion of mutation]
 33437 | Swamp:1  | Gained mutation: You are partially covered in large bone plates. (SH +4) [potion of mutation]
 33437 | Swamp:1  | Gained mutation: Your muscles are strong. (Str +2) [potion of mutation]
 33438 | Swamp:1  | Lost mutation: You are partially covered in large bone plates. (SH +4) [potion of mutation]
 33438 | Swamp:1  | Lost mutation: Scrolls take you a little longer to read. [potion of mutation]
 33438 | Swamp:1  | Lost mutation: Your movements are slightly less encumbered by armour. (ER -2) [potion of mutation]
 33438 | Swamp:1  | Lost mutation: Your muscles are strong. (Str +2) [potion of mutation]
 33438 | Swamp:1  | Gained mutation: Your body sometimes deteriorates upon taking damage. [potion of mutation]
 33438 | Swamp:1  | Gained mutation: Your system is resistant to poisons. (rPois) [potion of mutation]
 33439 | Swamp:1  | Lost mutation: Your body sometimes deteriorates upon taking damage. [potion of mutation]
 33439 | Swamp:1  | Gained mutation: You have very sharp teeth. [potion of mutation]
 33439 | Swamp:1  | Gained mutation: You evolve. [potion of mutation]
 33439 | Swamp:1  | Gained mutation: You have a somewhat thin skeletal structure. (Dex +2, Stealth) [potion of mutation]
 33537 | Snake:1  | Entered Level 1 of the Snake Pit
 33630 | Snake:1  | Reached skill level 5 in Evocations
 33636 | Snake:1  | Received a gift from Trog
 34024 | Snake:1  | Reached XP level 17. HP: 146/161 MP: 19/19
 34688 | Snake:1  | Received a gift from Trog
 35287 | Snake:1  | Identified the Incunabulum of the Tiger
 35412 | Snake:1  | You fall through a shaft!
 35992 | Snake:1  | Reached skill level 18 in Fighting
 37157 | Snake:3  | Found a transporter.
 37158 | Snake:3  | Found a radiant altar of Vehumet.
 37170 | Snake:3  | Noticed Asterion
 37173 | Snake:3  | Noticed Aizul
 37188 | Snake:2  | Killed Aizul
 37274 | Snake:2  | Killed Asterion
 37575 | Snake:3  | Found a transporter.
 37599 | Snake:3  | Received a gift from Trog
 38235 | Snake:3  | Got an ancient bronze amulet
 38308 | Snake:3  | Identified the amulet "Zagiwna" {Faith Str+3 Dex+3} (You found it on level 3 of the Snake Pit)
 39184 | Snake:3  | Noticed inc's ghost (adept DsMo)
 39196 | Snake:3  | Killed inc's ghost
 39404 | Snake:4  | Entered Level 4 of the Snake Pit
 39440 | Snake:4  | Noticed Vashnia
 39625 | Snake:4  | Killed Vashnia
 39633 | Snake:4  | Reached XP level 18. HP: 117/174 MP: 22/22
 39903 | Snake:4  | Reached skill level 19 in Fighting
 41372 | Snake:4  | Received a gift from Trog
 43002 | Snake:4  | Got a serpentine rune of Zot
 43846 | Elf:1    | Entered Level 1 of the Elven Halls
 44416 | D:11     | Gained mutation: You are partially covered in icy blue scales. (AC +2) [evolution]
 44481 | Vaults:1 | Entered Level 1 of the Vaults
 44500 | Vaults:1 | Reached skill level 20 in Fighting
 45404 | Vaults:1 | Received a gift from Trog
 45408 | Vaults:1 | Noticed a lich
 45953 | Vaults:1 | Killed a lich
 46215 | Vaults:1 | Found Efiliuq's Armour Boutique.
 46318 | Vaults:1 | Reached XP level 19. HP: 187/187 MP: 24/24
 46481 | Vaults:1 | Found a radiant altar of Vehumet.
 47221 | Vaults:2 | Got a transparent chain mail
 47232 | Vaults:2 | Identified the +1 chain mail of Complete Protection {Int+9} (You found it on level 2 of the Vaults)
 47367 | Vaults:2 | Received a gift from Trog
 48374 | Vaults:2 | Reached skill level 1 in Crossbows
 48593 | Vaults:2 | Gained mutation: You rapidly evolve. [evolution]
 48821 | Vaults:3 | Reached skill level 21 in Fighting
 49346 | Vaults:3 | Got a scorched bronze amulet
 49347 | Vaults:3 | Identified the amulet "Hokhih" {+Rage rElec rC+ SInv} (You found it on level 3 of the Vaults)
 49599 | Vaults:3 | Received a gift from Trog
 50235 | Vaults:3 | Noticed Bnni's ghost (adept MfMo)
 50241 | Vaults:3 | Noticed Sojobo
 50265 | Vaults:3 | Killed Sojobo
 50265 | Vaults:3 | Reached skill level 10 in Evocations
 50284 | Vaults:3 | Killed Bnni's ghost
 51142 | Vaults:3 | Found a staircase to the Crypt.
 51451 | Vaults:3 | Reached skill level 5 in Crossbows
 51451 | Vaults:3 | Reached XP level 20. HP: 198/198 MP: 26/26
 52327 | Vaults:4 | Noticed Jorgrun
 52338 | Vaults:4 | Killed Jorgrun
 52338 | Vaults:4 | Received a gift from Trog
 52416 | Vaults:4 | Mangled by an ettin

Skill      XL: |  1  2  3  4  5  6  7  8  9 10 11 12 13 14 15 16 17 18 19 20 |
---------------+-------------------------------------------------------------+-----
Fighting       | 4 5 6 7 9 10 11 12 13 14 16 17 18 20 21 | 21.7
Axes           | 4 5 6 7 8 10 12 13 15 16 17 18 | 18.0
Armour         | 3 4 5 6 7 9 10 11 12 13 14 15 17 18 19 | 19.6
Shields        | 4 8 10 12 15 | 15.0
Dodging        | 4 8 10 12 13 14 | 14.5
Evocations     | 5 7 9 10 | 10.4
Crossbows      | 5 6 |  6.5

Action                   |  1- 3 |  4- 6 |  7- 9 | 10-12 | 13-15 | 16-18 | 19-21 || total
-------------------------+-------+-------+-------+-------+-------+-------+-------++-------
Melee: Hand axe          |    78 |    12 |       |       |       |       |       ||    90
       Headbutt          |     9 |     9 |    62 |   199 |   354 |   357 |   178 ||  1168
       War axe           |       |    53 |   263 |   105 |     5 |   566 |   384 ||  1376
       Broad axe         |       |       |       |   670 |  1275 |   746 |   150 ||  2841
       Mace              |       |       |       |     6 |       |       |       ||     6
       Bite              |       |       |       |       |       |   138 |   110 ||   248
 Fire: Hunting sling     |     2 |    16 |    15 |    10 |       |       |       ||    43
       Hand crossbow     |       |       |       |       |       |       |    19 ||    19
Throw: Javelin           |       |       |       |       |       |     4 |       ||     4
Invok: Berserk           |     1 |     1 |     6 |     8 |    11 |     6 |     4 ||    37
       Burn Spellbooks   |       |       |     1 |     4 |     3 |     3 |     1 ||    12
       Trog's Hand       |       |       |       |       |       |     1 |       ||     1
       Brothers in Arms  |       |       |       |       |       |     1 |     2 ||     3
Evoke: Wand              |       |       |       |       |       |     5 |       ||     5
  Use: Potion            |     2 |       |     1 |     1 |     8 |     8 |       ||    20
       Scroll            |       |     7 |     4 |    16 |    12 |    29 |     8 ||    76
 Stab: Sleeping          |     1 |       |     1 |       |       |       |       ||     2
       Distracted        |       |       |       |       |       |       |     1 ||     1
  Eat: Chunk             |     2 |     4 |    14 |    16 |    27 |    12 |     9 ||    84
       Ration            |     1 |       |     1 |     6 |     8 |    14 |     4 ||    34
Armor: Animal skin       |    14 |     5 |       |       |       |       |       ||    19
       Ring mail         |       |     3 |    96 |    24 |       |       |       ||   123
       Chain mail        |       |       |       |   262 |   116 |       |       ||   378
       Plate armour      |       |       |       |       |   256 |   497 |   154 ||   907
Dodge: Dodged            |    72 |    32 |   155 |   196 |   378 |   518 |   152 ||  1503
Block: Shield            |       |       |       |   323 |   674 |  1290 |   361 ||  2648
       Reflection        |       |       |       |       |       |   179 |    20 ||   199
